[Event "Early-Titled-Tuesday-Blitz-January-23-2024"]
[Site "Chess.com"]
[Date "2024.01.23"]
[Round "9"]
[White "salomez"]
[Black "LiadCuba"]
[Result "0-1"]
[WhiteElo "2305"]
[BlackElo "2448"]
[TimeControl "180+1"]
[EndTime "9:44:12 PST"]
[Termination "LiadCuba won by resignation"]

1. e4 c5 2. Nf3 d6 3. d4 cxd4 4.
Nxd4 Nf6 5. Nc3 a6 6. Bc4 e6 7.
Bb3 b5 8. Bg5 Be7 9. Qf3 Qb6 10.
O-O-O O-O 11. e5 Bb7 12. exf6 Bxf3 13. fxe7 Re8 14. gxf3 Nc6 15. Nxc6 Qxc6 16. Rhg1 Kh8 17. f4 f6 18. Bh4 Rxe7 19. f5 b4 20. Ne2 Qe4 21. Nd4 Qxh4 22. fxe6 Rc8 23. Nf5 Qf4+ 24. Kb1 Qxf5 0-1

[Event "Early-Titled-Tuesday-Blitz-January-23-2024"]
[Site "Chess.com"]
[Date "2024.01.23"]
[Round "9"]
[White "koncheto"]
[Black "Flaccidmoves"]
[Result "1/2-1/2"]
[WhiteElo "2552"]
[BlackElo "2450"]
[TimeControl "180+1"]
[EndTime "9:44:13 PST"]
[Termination "Game drawn by repetition"]

1. e4 e6 2. d4 d5 3. Nd2 c5 4. exd5 exd5 5. Ngf3 Nf6 6. Bb5+ Nc6 7.
O-O Be7 8. dxc5 Bxc5 9. Re1+ Be6 10. Nb3 Bb6 11. Nbd4 O-O 12. Bxc6 bxc6 13. Nxc6 Qd6 14.
Ncd4 Ne4 15. c3 Bg4 16. h3 Bh5 17. Be3 f5 18. Nb5 Qc6 19. Bxb6 Qxb6 20. Qxd5+ Bf7 21.
Qxf5 Qxf2+ 22. Kh2 Qg3+ 23. Kh1 Nf2+ 24. Kg1 Bc4 25. Qc5 Nxh3+ 26. Kh1 Rxf3 27. Qxc4+ Kh8 28. Rf1 Nf2+ 29. Kg1 Nh3+ 30. Kh1 Nf2+ 31. Kg1 Nh3+ 32.
Kh1 1/2-1/2

[Event "Early-Titled-Tuesday-Blitz-January-23-2024"]
[Site "Chess.com"]
[Date "2024.01.23"]
[Round "9"]
[White "Boninknights"]
[Black "Smiechu"]
[Result "1-0"]
[WhiteElo "2355"]
[BlackElo "2468"]
[TimeControl "180+1"]
[EndTime "9:44:14 PST"]
[Termination "Boninknights won by checkmate"]

1. d4 Nf6 2. Nf3 c5 3. d5 e6 4. c4 exd5 5. cxd5 d6 6. Nc3 g6 7. Bg5 Bg7 8. Nd2 Nbd7 9. e4 O-O 10. Be2 Re8 11. O-O a6 12. a4 Qc7 13. f4 Rb8 14. Kh1 c4 15. e5 dxe5 16. fxe5 Rxe5 17. Bf4 b5 18. axb5 axb5 19. Nf3 Ng4 20. Nxe5 Bxe5 21. d6 Qc5 22. Bxg4 f5 23. Bf3 Bxf4 24. Bd5+ Kg7 25. Rxf4 Nf6 26. Qd4 Qxd6 27. Ra7+ Kf8 28. Ne4 Qxd5 29.
Qxf6+ Ke8 30. Qe7# 1-0

[Event "Early-Titled-Tuesday-Blitz-January-23-2024"]
[Site "Chess.com"]
[Date "2024.01.23"]
[Round "9"]
[White "Natalya_Buksa"]
[Black "bubeliang"]
[Result "1-0"]
[WhiteElo "2610"]
[BlackElo "2788"]
[TimeControl "180+1"]
[EndTime "9:44:16 PST"]
[Termination "Natalya_Buksa won by checkmate"]

1. d4 b6 2. e4 Bb7 3. Nc3 e6 4. Nf3 Bb4 5. e5 f5 6. Bd2 Bxc3 7. Bxc3 Ne7 8. Bd3 O-O 9. Bd2 Ng6 10. h4 d6 11. h5 Nh8 12. Qe2 Bxf3 13. Qxf3 d5 14. g4 Nc6 15. c3 Ne7 16. O-O-O c5 17. Kb1 a5 18. Rdg1 f4 19. Bxf4 g5 20. hxg6 Nexg6 21. Qh3 Qe7 22. Be3 c4 23. Bc2 b5 24. Bg5 Qb7 25.
f4 b4 26. f5 bxc3 27. Qxc3 Ne7 28. Qh3 Nc6 29. fxe6 Rf2 30. Qxh7+ Qxh7 31. Bxh7+ Kg7 32.
Bf5 Nxd4 33. Bf6+ Kg8 34. Rxh8# 1-0

[Event "Early-Titled-Tuesday-Blitz-January-23-2024"]
[Site "Chess.com"]
[Date "2024.01.23"]
[Round "9"]
[White "giomar27"]
[Black "ScofieldMichael01"]
[Result "0-1"]
[WhiteElo "2422"]
[BlackElo "2615"]
[TimeControl "180+1"]
[EndTime "9:44:17 PST"]
[Termination "ScofieldMichael01 won by resignation"]

1. d4 Nf6 2. Nc3 d5 3. Bf4 g6 4. e3 Bg7 5. h4 h5 6. Nf3 Bg4 7. Be2 Nbd7 8. Ne5 Nxe5 9. Bxe5 O-O 10. Bxg4 Nxg4 11. Bxg7 Kxg7 12. Qf3 c6 13. O-O e5 14. dxe5 Qxh4 15. Qh3 Qxh3 16. gxh3 Nxe5 17. Kh2 Rfe8 18. Kg3 Rad8 19. Ne2 g5 20. Nd4 Kg6 21. f4 h4+ 22. Kh2 Nc4 23. Rg1 f6 24. fxg5 fxg5 25. Nf3 Rxe3 26.
Nxg5 Re2+ 27. Kh1 Kf6 28. Raf1+ Ke7 29. Rf7+ Kd6 30. Rxb7 Rf8 31. Nf7+ Kc5 32. Rxa7 Rxc2 33. b3 Nd2 34. Rg4 Nf3 0-1

[Event "Early-Titled-Tuesday-Blitz-January-23-2024"]
[Site "Chess.com"]
[Date "2024.01.23"]
[Round "9"]
[White "Ducke13"]
[Black "LuminaryHunter"]
[Result "1-0"]
[WhiteElo "2301"]
[BlackElo "2152"]
[TimeControl "180+1"]
[EndTime "9:44:17 PST"]
[Termination "Ducke13 won by resignation"]

1. d4 Nf6 2. g3 d5 3. Nf3 Bf5 4. c4 c6 5. Nc3 e6 6. Nh4 Bg6 7. Qb3 Qb6 8. Nxg6 hxg6 9. c5 Qxb3 10. axb3 a6 11. b4 Nbd7 12. b5 cxb5 13. Nxb5 Rc8 14. Na7 Ra8 15. Nb5 Rc8 16. Nc3 e5 17. e3 exd4 18.
exd4 b6 19. Bxa6 Ra8 20. cxb6 Bb4 21. b7 Rd8 22. O-O O-O 23. Bf4 Nb8 24. Bb5 Bxc3 25. bxc3 Ne4 26. Bc7 Nxc3 27. Bxd8 Rxd8 28. Rfc1 Nxb5 29.
Rc8 Nc6 30. Rxd8+ Nxd8 31. b8=Q 1-0

[Event "Early-Titled-Tuesday-Blitz-January-23-2024"]
[Site "Chess.com"]
[Date "2024.01.23"]
[Round "9"]
[White "AsterPhoenix"]
[Black "Alexei_Kornev"]
[Result "1-0"]
[WhiteElo "2588"]
[BlackElo "2728"]
[TimeControl "180+1"]
[EndTime "9:44:19 PST"]
[Termination "AsterPhoenix won by resignation"]

1. e4 c5 2. Nf3 d6 3. d4 cxd4 4. Nxd4 Nf6 5. Nc3 a6 6. Be2 e5 7. Nb3 Be7 8. g4 Be6 9. g5 Nfd7 10. Bg4 Nc6 11. Bxe6 fxe6 12. Qh5+ g6 13. Qg4 Nf8 14. Be3 Qc7 15. O-O-O O-O-O 16. Nd5 Qb8 17. Nb6+ Kc7 18. Rd3 Re8 19. Rhd1 Qd8 20. Nc5 Kb8 21. Nxe6 Nxe6 22. Qxe6 Bxg5 23. Qxd6+ Qxd6 24. Rxd6 Bxe3+ 25. fxe3 Ka7 26. Nd7 Re7 27. a4 Nd8 28. Nc5 Nf7 29. Rd7 Rhe8 30.
a5 Ng5 31. h4 Nf3 32. Nxb7 Nxh4 33. Nd8+ Ka8 34. Nc6 1-0

[Event "Early-Titled-Tuesday-Blitz-January-23-2024"]
[Site "Chess.com"]
[Date "2024.01.23"]
[Round "9"]
[White "Horokoskii"]
[Black "UnTucopalaTimba"]
[Result "1-0"]
[WhiteElo "2069"]
[BlackElo "1946"]
[TimeControl "180+1"]
[EndTime "9:44:19 PST"]
[Termination "Horokoskii won by resignation"]

1. d4 Nf6 2. c4 e6 3. Nf3 d5 4. g3 Be7 5. Bg2 O-O 6. O-O dxc4 7. Ne5 c5 8. dxc5 Bxc5 9. Nc3 Qc7 10. Bf4 Nh5 11. Qc2 Nxf4 12. gxf4 Nd7 13. Nb5 Qa5 14. Qxc4 Nxe5 15. fxe5 Bd7 16. Qxc5 Bxb5 17. a4 Rac8 18. Qxb5 Qd2 19. Rad1 Qg5 20. Rd3 Rc1 21. Rg3 Rxf1+ 22.
Bxf1 Qc1 23. Qd3 1-0

[Event "Early-Titled-Tuesday-Blitz-January-23-2024"]
[Site "Chess.com"]
[Date "2024.01.23"]
[Round "9"]
[White "ErikRonka"]
[Black "FoxOnTheRun97"]
[Result "0-1"]
[WhiteElo "2487"]
[BlackElo "2609"]
[TimeControl "180+1"]
[EndTime "9:44:21 PST"]
[Termination "FoxOnTheRun97 won by resignation"]

1. e4 c6 2. d4 d5 3. Nd2 dxe4 4.
Nxe4 Nf6 5. Nxf6+ exf6 6. c3 Bd6 7. Bd3 O-O 8. Qc2 Re8+ 9. Ne2 h5 10. O-O Nd7 11.
Ng3 Bxg3 12. hxg3 Nf8 13. Bd2 Bd7 14. Rfe1 Qc7 15. c4 Ne6 16. Bc3 h4 17. gxh4 Qf4 18. Re4 Qd6 19. Rae1 f5 20. Re5 Nxd4 21. Rxe8+ Rxe8 22. Rxe8+ Bxe8 23. Bxd4 Qxd4 24. Bxf5 Qxh4 25. Qd3 Qe7 26. g3 f6 27. Kg2 Bf7 28. b3 g5 29.
Bg4 Kg7 30. Bf5 a5 31. Qe4 Qc5 32. Qe3 Qxf5 0-1

[Event "Early-Titled-Tuesday-Blitz-January-23-2024"]
[Site "Chess.com"]
[Date "2024.01.23"]
[Round "9"]
[White "Championnn-9"]
[Black "Chesstiger64"]
[Result "1/2-1/2"]
[WhiteElo "2574"]
[BlackElo "2212"]
[TimeControl "180+1"]
[EndTime "9:44:23 PST"]
[Termination "Game drawn by repetition"]

1. e4 e6 2. d4 d5 3. exd5 exd5 4. c4 Nf6 5. Nf3 Bb4+ 6. Bd2 Bxd2+ 7. Nbxd2 O-O 8. Be2 Re8 9. O-O Nc6 10. h3 dxc4 11.
Nxc4 Be6 12. Nce5 Bd5 13. Rc1 Qd6 14. Nxc6 Bxc6 15. Ne5 Bd5 16. Nc4 Bxc4 17. Bxc4 c6 18. Qb3 Re7 19. Rfe1 Rae8 20. Red1 Nd5 21. Qf3 g6 22. g3 h5 23. h4 Nf6 24. Kg2 Kg7 25.
Rd2 Ng4 26. Bb3 f5 27. d5 c5 28. Qc3+ Qe5 29. Qxe5+ Rxe5 30. Rxc5 Re2 31. Rc7+ Kh6 32. Rxe2 Rxe2 33. d6 Rxf2+ 34. Kg1 Rd2 35. d7 Ne5 36. Rxb7 Nf3+ 37. Kf1 Nh2+ 38. Ke1 Nf3+ 39. Kf1 Nh2+ 40.
Kg1 Nf3+ 41. Kf1 1/2-1/2

[Event "Early-Titled-Tuesday-Blitz-January-23-2024"]
[Site "Chess.com"]
[Date "2024.01.23"]
[Round "9"]
[White "Titus369"]
[Black "ContrVersia"]
[Result "0-1"]
[WhiteElo "2665"]
[BlackElo "2850"]
[TimeControl "180+1"]
[EndTime "9:44:24 PST"]
[Termination "ContrVersia won by resignation"]

1. e4 d6 2. d4 Nf6 3. Nc3 g6 4. Nf3 Bg7 5. h3 a6 6. a4 O-O 7.
Bc4 c6 8. Qe2 d5 9. exd5 cxd5 10. Bd3 Nc6 11. O-O Nb4 12. Bf4 Nxd3 13. Qxd3 Bf5 14.
Qe2 Rc8 15. Ne5 Qb6 16. a5 Qxb2 17. Na4 Qxd4 18. Bh2 Rxc2 19. Qe3 Qxe3 20. fxe3 Be4 21. Rf2 Rxf2 22. Kxf2 Rc8 23. Ra2 Ne8 24. Nb6 Rc2+ 25. Rxc2 Bxc2 26. Nxd5 e6 27. Nb6 Bf8 28. Ned7 Bb4 29.
Nc4 Bb3 30. Ndb6 f6 31. Ke2 e5 32. Kd3 Kf7 33. g4 Nd6 34. e4 Nxc4 35. Nxc4 Bxc4+ 36. Kxc4 Bxa5 0-1

[Event "Early-Titled-Tuesday-Blitz-January-23-2024"]
[Site "Chess.com"]
[Date "2024.01.23"]
[Round "9"]
[White "emeli_chess"]
[Black "Chernobay_Artem"]
[Result "1-0"]
[WhiteElo "2463"]
[BlackElo "2611"]
[TimeControl "180+1"]
[EndTime "9:44:24 PST"]
[Termination "emeli_chess won by resignation"]

1. d4 g6 2. c4 Bg7 3. Nc3 c5 4. d5 Bxc3+ 5. bxc3 f5 6. e4 fxe4 7. f3 d6 8. fxe4 Nf6 9. e5 dxe5 10. Nf3 e4 11. Ng5 h6 12. Nh3 Bxh3 13. gxh3 e6 14.
Bg2 Kf7 15. O-O Kg7 16. Bf4 exd5 17. cxd5 Nbd7 18. c4 Qe7 19. Qd2 Ne5 20. Rae1 Rae8 21.
Qc3 Kh7 22. Bxe5 Nxd5 23. cxd5 Qxe5 24. Qxe5 Rxe5 25. Rxe4 Rhe8 26. Rxe5 Rxe5 27. d6 Re6 28. Rd1 Re8 29. d7 Rd8 30. Bxb7 Kg7 31. Bc6 Kf6 32.
Re1 c4 33. Re8 1-0

[Event "Early-Titled-Tuesday-Blitz-January-23-2024"]
[Site "Chess.com"]
[Date "2024.01.23"]
[Round "9"]
[White "Chessbard1972"]
[Black "jhedigm"]
[Result "1-0"]
[WhiteElo "2457"]
[BlackElo "2543"]
[TimeControl "180+1"]
[EndTime "9:44:27 PST"]
[Termination "Chessbard1972 won on time"]

1. e4 c5 2. Nc3 a6 3. a4 d6 4. f4 Nc6 5. Nf3 g6 6. Bc4 Bg7 7. d3 e6 8. O-O Nge7 9. Kh1 O-O 10. f5 d5 11. Ba2 dxe4 12. f6 Bxf6 13. Nxe4 Bg7 14.
Nxc5 b6 15. Ne4 h6 16. Qe1 f5 17. Nc3 Nd5 18. Nxd5 exd5 19. d4 Ra7 20. c3 Re7 21. Qg3 Kh7 22. Qh4 Kg8 23. Bxh6 Bxh6 24. Qxh6 Rg7 25.
Rae1 b5 26. axb5 axb5 27. Ne5 Nxe5 28. Rxe5 Bb7 29. Rfe1 f4 30. Re6 f3 31. gxf3 g5 32. Bb1 Qd7 33. Rg6 Rf7 34. Rxg5 1-0

[Event "Early-Titled-Tuesday-Blitz-January-23-2024"]
[Site "Chess.com"]
[Date "2024.01.23"]
[Round "9"]
[White "SulfatoFerroso"]
[Black "Zavgorodniy_Sergiy"]
[Result "1/2-1/2"]
[WhiteElo "2124"]
[BlackElo "2631"]
[TimeControl "180+1"]
[EndTime "9:44:33 PST"]
[Termination "Game drawn by repetition"]

1. e4 e5 2. Nf3 d6 3. d4 exd4 4.
Nxd4 Nf6 5. Nc3 Be7 6. Bf4 O-O 7. Qd2 Nc6 8. O-O-O Nxd4 9. Qxd4 Be6 10. f3 Nd7 11.
h4 a5 12. g4 Bf6 13. Qd2 b5 14. Bxb5 Qb8 15. a4 Qb6 16. g5 Be5 17. Bxe5 Nxe5 18. f4 Nc4 19. Qd4 c5 20. Qd3 Rab8 21. Nd5 Bxd5 22.
exd5 Nxb2 23. Kxb2 c4 24. Qxc4 Rfc8 25. Qd4 Rc5 26.
c4 Rbc8 27. Rhe1 g6 28. Ka3 Qc7 29. Rd3 Qb8 30. Rde3 Rxc4 31. Re8+ Rxe8 32. Rxe8+ Qxe8 33. Qxc4 Qe3+ 34. Qd3 Qc1+ 35. Kb3 Qe1 36. Qe2 Qb1+ 37. Kc3 Qc1+ 38. Kb3 Qb1+ 39. Ka3 Qa1+ 40. Kb3 Qb1+ 1/2-1/2

[Event "Early-Titled-Tuesday-Blitz-January-23-2024"]
[Site "Chess.com"]
[Date "2024.01.23"]
[Round "9"]
[White "falzehope0"]
[Black "NowInChess"]
[Result "1-0"]
[WhiteElo "2411"]
[BlackElo "2287"]
[TimeControl "180+1"]
[EndTime "9:44:34 PST"]
[Termination "falzehope0 won on time"]

1. d4 Nf6 2. e3 g6 3. Bd3 Bg7 4. f4 d6 5. Nf3 O-O 6. O-O Nbd7 7. f5 c5 8. Qe1 c4 9. Bxc4 gxf5 10. Qh4 e6 11.
Qh3 Ne4 12. Nc3 Ndf6 13. Bd3 b6 14. Ne2 Nd5 15. Nf4 Nxf4 16. exf4 Bb7 17. Be3 Rc8 18.
Rae1 Qf6 19. c3 a6 20. Ng5 Qg6 21. Nxe4 fxe4 22. f5 exf5 23. Be2 Bd5 24. Bh5 Qe6 25. Rxf5 Kh8 26. Bg4 Qg6 27. Rxd5 f5 28. Rxf5 Bf6 29.
Rh5 Rc7 30. Bf5 1-0

[Event "Early-Titled-Tuesday-Blitz-January-23-2024"]
[Site "Chess.com"]
[Date "2024.01.23"]
[Round "9"]
[White "Raud100"]
[Black "Witik"]
[Result "1-0"]
[WhiteElo "2395"]
[BlackElo "2629"]
[TimeControl "180+1"]
[EndTime "9:44:35 PST"]
[Termination "Raud100 won by resignation"]

1. d4 Nf6 2. c4 g6 3. Nc3 Bg7 4. e4 d6 5. f3 O-O 6. Be3 c5 7. Nge2 Nc6 8. Qd2 Qa5 9. O-O-O a6 10. Kb1 b5 11. dxc5 Ne5 12. Nd4 Nxc4 13. Bxc4 bxc4 14. cxd6 exd6 15. Nd5 Qxd2 16. Nxf6+ Bxf6 17. Rxd2 d5 18. exd5 Re8 19. Bf2 Bd7 20. Re1 Rec8 21. Ne2 Bf5+ 22.
Kc1 c3 23. Nxc3 Bxc3 24. bxc3 Rxc3+ 25. Kd1 Rb8 26. Re3 Rc4 27. g4 Bd7 28. Ke2 Bb5 29.
Ke1 Rc1+ 30. Rd1 Rc2 31. a3 h6 32. h4 g5 33. h5 Rbc8 34. d6 Ra2 35. d7 Rd8 36. Re7 Rb2 37. Bb6 Ra8 38. d8=Q+ Rxd8 39. Rxd8+ Kg7 40. Bd4+ 1-0

[Event "Early-Titled-Tuesday-Blitz-January-23-2024"]
[Site "Chess.com"]
[Date "2024.01.23"]
[Round "9"]
[White "jcibarra"]
[Black "wadsy27"]
[Result "1-0"]
[WhiteElo "2845"]
[BlackElo "2663"]
[TimeControl "180+1"]
[EndTime "9:44:36 PST"]
[Termination "jcibarra won by resignation"]

1. e4 e6 2. d4 d5 3. Nc3 Bb4 4. Ne2 Nc6 5. a3 Ba5 6. b4 Bb6 7. Bb2 Nf6 8. e5 Ne4 9. Nxe4 dxe4 10. c4 a5 11. b5 Ne7 12. c5 Ba7 13. Nc3 Nd5 14.
Nxe4 O-O 15. Bd3 f5 16. exf6 Nxf6 17. O-O Bd7 18. Nxf6+ Qxf6 19. Qc2 Qh4 20. Rfe1 c6 21. Re4 Qh6 22. Bc1 Qh5 23. Re5 Qh4 24. g3 Qh3 25.
Qe2 g6 26. Be4 Bb8 27. Bg2 Bxe5 28. Bxh3 Bxd4 29. Bxe6+ Bxe6 30. Qxe6+ Kh8 31. Ra2 Rae8 32. Qd6 Be5 33. Bb2 1-0

[Event "Early-Titled-Tuesday-Blitz-January-23-2024"]
[Site "Chess.com"]
[Date "2024.01.23"]
[Round "9"]
[White "GatoRojo150"]
[Black "maciek_92"]
[Result "1-0"]
[WhiteElo "2616"]
[BlackElo "2800"]
[TimeControl "180+1"]
[EndTime "9:44:37 PST"]
[Termination "GatoRojo150 won by resignation"]

1. e4 c5 2. Nf3 e6 3. Nc3 Nc6 4. d4 cxd4 5. Nxd4 a6 6. Bf4 d6 7. Nxc6 bxc6 8. Qd2 e5 9. Bg5 Qc7 10. Bc4 h6 11. Bh4 g5 12. Bg3 Nf6 13. h4 g4 14. h5 Be6 15. Bxe6 fxe6 16. O-O-O Qf7 17. Qe2 Be7 18. f3 Nxh5 19. Bh4 gxf3 20. gxf3 Bxh4 21. Rxh4 Nf4 22. Qc4 Qd7 23. Na4 Rb8 24. Nc5 Qe7 25. Nxa6 Rb6 26. Rxf4 exf4 27. Qd4 Rxa6 28. Qxh8+ Kd7 29. Rg1 Qd8 30. Rg7+ Kc8 31. Rg8 1-0

[Event "Early-Titled-Tuesday-Blitz-January-23-2024"]
[Site "Chess.com"]
[Date "2024.01.23"]
[Round "9"]
[White "AttilaTurzo"]
[Black "ChessSwole"]
[Result "0-1"]
[WhiteElo "2499"]
[BlackElo "2626"]
[TimeControl "180+1"]
[EndTime "9:44:39 PST"]
[Termination "ChessSwole won by resignation"]

1. d4 d5 2. Nf3 Nf6 3. Bf4 c5 4. e3 Nc6 5. Nbd2 Qb6 6. dxc5 Qxb2 7. Rb1 Qc3 8. Bb5 e6 9. O-O Be7 10. Nb3 O-O 11. Bxc6 bxc6 12. Be5 Qb4 13. Qd4 Qa3 14. Qb2 Qxb2 15. Rxb2 Nd7 16. Bd6 Bxd6 17. cxd6 c5 18.
Rfb1 a5 19. Nbd2 Ra6 20. Rb5 a4 21. c4 f6 22. cxd5 exd5 23. Rc1 Kf7 24. e4 Rxd6 25. exd5 Rxd5 26. Ne4 Re8 27. Nc3 Rf5 28. Nxa4 Ba6 29.
Ra5 Bb7 30. Nxc5 Bxf3 31. Nxd7 Rxa5 0-1

[Event "Early-Titled-Tuesday-Blitz-January-23-2024"]
[Site "Chess.com"]
[Date "2024.01.23"]
[Round "9"]
[White "FARIZA2018"]
[Black "KetiTsatsalashvili"]
[Result "1-0"]
[WhiteElo "2550"]
[BlackElo "2425"]
[TimeControl "180+1"]
[EndTime "9:44:39 PST"]
[Termination "FARIZA2018 won by resignation"]

1. e4 c5 2. Nf3 d6 3. d4 cxd4 4. Nxd4 Nf6 5. Nc3 Nc6 6. Bg5 a6 7. Qd2 e6 8. O-O-O Be7 9. Nxc6 bxc6 10. f4 h6 11. Bh4 Nh7 12. Bxe7 Kxe7 13. Be2 Qc7 14.
g4 g5 15. Rhf1 Rd8 16. fxg5 hxg5 17. h4 d5 18. exd5 cxd5 19. Bd3 Rh8 20. Bxh7 Rxh7 21. Qxg5+ Kf8 22. Rf6 Rb8 23. Rdf1 d4 24. Ne4 d3 25. c3 Bb7 26. Nd2 Bd5 27. Rg6 Rh8 28. Rg7 Rb7 29. Qf6 Qe7 30. Rxf7+ 1-0

[Event "Early-Titled-Tuesday-Blitz-January-23-2024"]
[Site "Chess.com"]
[Date "2024.01.23"]
[Round "9"]
[White "chess123456s"]
[Black "Nekoo04"]
[Result "1-0"]
[WhiteElo "2548"]
[BlackElo "2375"]
[TimeControl "180+1"]
[EndTime "9:44:40 PST"]
[Termination "chess123456s won on time"]

1. Nf3 Nf6 2. c4 e6 3. g3 d5 4. Bg2 dxc4 5. Qa4+ Bd7 6. Qxc4 c5 7. d4 Nc6 8. O-O b5 9. Qd3 c4 10. Qc2 Rc8 11.
a4 a6 12. axb5 axb5 13. Rd1 Nb4 14. Qc3 Ne4 15. Qe3 Nc2 16. Qxe4 Nxa1 17. d5 Qb6 18.
Be3 Bc5 19. Bxc5 Rxc5 20. dxe6 Qxe6 21. Qa8+ Rc8 22. Qxa1 O-O 23. Nc3 Rfd8 24. Nd4 Qe5 25. Nd5 Be8 26. e4 b4 27. Nf5 Ra8 28. Qc1 Bb5 29.
f4 Qe6 30. Nd4 Qa6 31. Nc7 Qb6 32. Nxb5 Rac8 33. Kh1 c3 34. bxc3 bxc3 35. Qc2 Qc5 36. e5 Rd7 37. Nd6 1-0

[Event "Early-Titled-Tuesday-Blitz-January-23-2024"]
[Site "Chess.com"]
[Date "2024.01.23"]
[Round "9"]
[White "WhiteKnight2612"]
[Black "nihalsarin"]
[Result "0-1"]
[WhiteElo "2869"]
[BlackElo "3189"]
[TimeControl "180+1"]
[EndTime "9:44:41 PST"]
[Termination "nihalsarin won by resignation"]

1. d4 b5 2. e4 b4 3. Bd3 e6 4.
Nf3 a5 5. O-O Be7 6. Bf4 Nf6 7.
a3 Ba6 8. axb4 axb4 9. Bxa6 Rxa6 10. Rxa6 Nxa6 11. Qd3 Qa8 12. Nbd2 Qb7 13. Ra1 Nb8 14.
h3 O-O 15. Ne5 d6 16. Nec4 d5 17. exd5 Nxd5 18. Bg3 Nc6 19. Na5 Nxa5 20. Rxa5 Ra8 21. Rxa8+ Qxa8 22. Kh2 h5 23. c4 bxc3 24. bxc3 h4 25. Be5 f6 26. c4 Nb4 27. Qg6 fxe5 28. Qxe6+ Kf8 29. Qf5+ Ke8 30. Qg6+ Kd7 31. Qg4+ Kd8 32.
Qxg7 Qc6 33. dxe5 Nd3 34. Nf3 Qxc4 35. Qg6 Nxe5 36. Nxe5 Qf4+ 37. g3 Qxf2+ 38. Kh1 Qe1+ 0-1

[Event "Early-Titled-Tuesday-Blitz-January-23-2024"]
[Site "Chess.com"]
[Date "2024.01.23"]
[Round "9"]
[White "DavidGavrilescu18"]
[Black "eightbyeightchess"]
[Result "1/2-1/2"]
[WhiteElo "2789"]
[BlackElo "2405"]
[TimeControl "180+1"]
[EndTime "9:44:48 PST"]
[Termination "Game drawn by repetition"]

1. e4 e6 2. d4 d5 3. e5 c5 4.
c3 Qb6 5. Nf3 Bd7 6. Be2 Bb5 7. dxc5 Bxc5 8. b4 Bf8 9. Bxb5+ Qxb5 10.
a4 Qc4 11. Be3 Nh6 12. Bd4 Nd7 13. Na3 Qc6 14. O-O Nb6 15. a5 Nc4 16. Nxc4 dxc4 17. Be3 Nf5 18. Nd4 Nxd4 19. Bxd4 Be7 20. Qg4 O-O 21.
h4 b5 22. h5 h6 23. f4 f5 24. exf6 Bxf6 25. Rad1 Qe4 26. Bxf6 Rxf6 27. Rd7 Rf7 28. Rxf7 Kxf7 29. Rd1 Re8 30. Qh4 Kg8 31. Qg3 Re7 32. Rd4 Qe2 33. Qg6 Qe1+ 34. Kh2 Qh4+ 35. Kg1 Qe1+ 36.
Kh2 Qh4+ 37. Kg1 Qe1+ 1/2-1/2

[Event "Early-Titled-Tuesday-Blitz-January-23-2024"]
[Site "Chess.com"]
[Date "2024.01.23"]
[Round "9"]
[White "Iunusovnuriddin"]
[Black "Mistango"]
[Result "0-1"]
[WhiteElo "2300"]
[BlackElo "2522"]
[TimeControl "180+1"]
[EndTime "9:44:48 PST"]
[Termination "Mistango won by resignation"]

1. e4 c5 2. c3 d5 3. exd5 Qxd5 4. d4 cxd4 5. cxd4 e5 6. dxe5 Qxd1+ 7. Kxd1 Nc6 8. f3 Bf5 9. g4 O-O-O+ 10. Ke1 Be6 11. Be3 Nxe5 12. Nc3 Bb4 13. Rc1 Kb8 14. Kf2 Nf6 15. Bf4 Bd6 16. Bg3 a6 17. Nh3 Nc4 18. Bxc4 Bxc4 19.
Rhd1 Bxg3+ 20. Kxg3 h5 21. g5 h4+ 22. Kg2 Nd5 23. Nxd5 Bxd5 24. Nf4 Bc6 25. Kf2 Rhe8 26. Nh5 Rxd1 27. Rxd1 Re5 28. f4 Re4 29. Re1 Rb4 30. Re7 Rxb2+ 31. Ke3 Bd5 32. Nxg7 Rxh2 33. Nf5 h3 34.
Re8+ Ka7 35. Rh8 Rxa2 36. Nd4 h2 0-1

[Event "Early-Titled-Tuesday-Blitz-January-23-2024"]
[Site "Chess.com"]
[Date "2024.01.23"]
[Round "9"]
[White "LyonBeast"]
[Black "Sam_ChessMood"]
[Result "1-0"]
[WhiteElo "3161"]
[BlackElo "2933"]
[TimeControl "180+1"]
[EndTime "9:44:49 PST"]
[Termination "LyonBeast won by checkmate"]

1. e4 c5 2. Nf3 d6 3. d4 cxd4 4.
Nxd4 Nf6 5. Nc3 a6 6. Bc4 e6 7. Bb3 b5 8. Qf3 Qb6 9. O-O Qb7 10. Re1 Be7 11. Qg3 b4 12. Na4 O-O 13. Bh6 Ne8 14. c3 Bf6 15. Bg5 Bxg5 16. Qxg5 Bd7 17. Qa5 bxc3 18.
Nxc3 Nc6 19. Nxc6 Bxc6 20. Rad1 h6 21. h3 Rb8 22. Re3 Qa8 23. Rd4 Rd8 24. Bc4 Bb7 25. Bd3 Nf6 26. Ra4 Rb8 27. Re2 d5 28. exd5 Nxd5 29.
Nxd5 Bxd5 30. Rg4 Qc6 31. Qd2 Kh8 32. Qf4 Rbc8 33. Rc2 Qd7 34. Qd4 Rxc2 35. Qxg7# 1-0

[Event "Early-Titled-Tuesday-Blitz-January-23-2024"]
[Site "Chess.com"]
[Date "2024.01.23"]
[Round "9"]
[White "Arystanner"]
[Black "hakanazeri2"]
[Result "1-0"]
[WhiteElo "2787"]
[BlackElo "2577"]
[TimeControl "180+1"]
[EndTime "9:44:50 PST"]
[Termination "Arystanner won on time"]

1. e4 c5 2. Nf3 Nc6 3. Bb5 e6 4. c3 Qb6 5. a4 a6 6. Bxc6 Qxc6 7. O-O Qxe4 8. d4 cxd4 9. cxd4 Nf6 10. Nc3 Qc6 11. d5 Nxd5 12. Nxd5 Qxd5 13. Qxd5 exd5 14. Re1+ Be7 15. Bf4 d6 16. Rac1 Be6 17. Rc7 Rb8 18.
Nd4 Kd8 19. Rxe6 fxe6 20. Nxe6+ Ke8 21. Nxg7+ Kd8 22. Ne6+ Ke8 23. Kf1 Rg8 24. Nd4 Kd8 25.
Ne6+ Ke8 26. Rc3 Kd7 27. Nd4 Bf6 28. Rd3 Bxd4 29. Rxd4 Ke6 30. g3 Rbc8 31. Rb4 Rg7 32.
h4 Rc4 33. Rb6 Rc6 34. Rb3 d4 35. Ke2 Kd5 36. Kd3 Rf7 37. Rb4 Rxf4 38. gxf4 Ke6 39. Rxd4 d5 40. Rb4 Kf5 41. Rxb7 h5 42. Rh7 Kg4 43. f5 Kxh4 44. Rg7 Rf6 45. Ke3 Rxf5 46. f4 1-0

[Event "Early-Titled-Tuesday-Blitz-January-23-2024"]
[Site "Chess.com"]
[Date "2024.01.23"]
[Round "9"]
[White "Indianlad"]
[Black "Al_Shima"]
[Result "1-0"]
[WhiteElo "2964"]
[BlackElo "2298"]
[TimeControl "180+1"]
[EndTime "9:44:50 PST"]
[Termination "Indianlad won by resignation"]

1. b3 e5 2. Bb2 Nc6 3. e3 d5 4.
Bb5 Ne7 5. Bxe5 a6 6. Bxc6+ Nxc6 7. Bg3 h5 8. h4 Bf5 9. Nf3 Qd7 10. d3 O-O-O 11.
Nbd2 Bb4 12. a3 Bc3 13. Rb1 Rhe8 14. O-O Bg4 15. Qc1 f6 16. b4 d4 17. b5 axb5 18.
Rxb5 dxe3 19. fxe3 Rxe3 20. Nb3 Rde8 21. Rxb7 Ne5 22.
Qxe3 Nxf3+ 23. Qxf3 Bxf3 24. Rxc7+ Qxc7 25. Bxc7 Kxc7 26. Rxf3 Ra8 27. d4 Bb2 28. Kf2 Rxa3 29. Ke2 Ra8 30. Kd3 Re8 31. Rf5 Ba3 32. Rxh5 Re1 33.
Ra5 Bd6 34. Ra7+ Kb6 35. Rxg7 Rh1 36. Nd2 Rxh4 37. Nc4+ Kc6 38. Nxd6 Kxd6 39. c4 Rh1 40. c5+ Kd5 41. Rd7+ Kc6 42. Rd6+ Kb5 43. Rb6+ Ka5 44. Rxf6 Rd1+ 45. Kc4 Rc1+ 46. Kd5 Rg1 47. c6 Rh1 48. c7 Rh5+ 49. Kc6 Rh8 50. d5 Ra8 51. d6 Ra6+ 52. Kd7 Ra7 53. Rf8 Kb6 54. Ke6 Rxc7 1-0

[Event "Early-Titled-Tuesday-Blitz-January-23-2024"]
[Site "Chess.com"]
[Date "2024.01.23"]
[Round "9"]
[White "MusicCityMaster"]
[Black "karinachess1"]
[Result "0-1"]
[WhiteElo "2443"]
[BlackElo "2616"]
[TimeControl "180+1"]
[EndTime "9:44:51 PST"]
[Termination "karinachess1 won by resignation"]

1. d4 Nf6 2. c4 e6 3. a3 d5 4. e3 Be7 5. Nf3 O-O 6. Nc3 b6 7. Bd3 dxc4 8. Bxc4 c5 9. O-O cxd4 10.
exd4 Bb7 11. Bd3 Nc6 12. Bc2 Rc8 13. Qd3 g6 14. Bh6 Re8 15. Rad1 Nd5 16. Rfe1 Nxc3 17. bxc3 Bxa3 18. h4 Bf8 19. Bxf8 Rxf8 20. h5 Qf6 21.
hxg6 hxg6 22. Re4 Kg7 23. Rg4 Rh8 24. Re1 Rh6 25. Ng5 Rch8 26. Nh3 Ne7 27. Ra1 a6 28.
c4 Bxg2 29. Kxg2 Rxh3 30. Qxh3 Rxh3 31. Kxh3 Qxf2 32. Bd1 Nf5 33. d5 exd5 34. cxd5 Qf1+ 35. Kh2 Qd3 36. Rc1 Qd2+ 0-1